 Dungeon Crawl Stone Soup version 0.30-a0-21-g5d08c37080 (webtiles) character file.

Game seed: 2643727094298361846

16 Plasmagod the Slasher (level 2, -4/16 HPs)
             Began as a Vine Stalker Fighter on Aug 24, 2022.
             Killed from afar by Sigmund (14 damage)
             ... with a bolt of dispelling energy
             ... on level 2 of the Dungeon.
             The game lasted 00:00:41 (715 turns).

Plasmagod the Slasher (Vine Stalker Fighter)         Turns: 715, Time: 00:00:42

Health: -4/16      AC:  6    Str: 24    XL:     2   Next: 58%
Magic:  0/3        EV:  9    Int:  8    God:
Gold:   54         SH:  4    Dex: 13    Spells: 1/1 levels left

rFire   . . .      SeeInvis .    a - +0 long sword
rCold   . . .      Faith    .    c - +0 buckler
rNeg    . . .      Spirit   +    b - +0 scale mail
rPois   .          Reflect  .    (no helmet)
rElec   .          Harm     .    (no cloak)
rCorr   .          Rampage  .    (no gloves)
Will    .....                    (no boots)
Stlth   ..........               (no amulet)
HPRegen 0.05/turn                l - +6 ring of strength
MPRegen 0.08/turn                (no ring)

@: no status effects
A: fangs 2, magic shield, antimagic bite, no potion heal 2
a: no special abilities


You were on level 2 of the Dungeon.
You visited 1 branch of the dungeon, and saw 2 of its levels.

You collected 54 gold pieces.

Inventory:

Hand Weapons
 a - a +0 long sword (weapon)
Armour
 b - a +0 scale mail (worn)
 c - a +0 buckler (worn)
Jewellery
 l - a +6 ring of strength (left hand)
Scrolls
 g - 2 scrolls of fear {unknown}
 h - a scroll of teleportation {unknown}
 j - a scroll of magic mapping {unknown}
 k - a scroll of identify {unknown}
Potions
 d - a potion of might
 e - a potion of resistance {unknown}
 f - a potion of heal wounds {unknown}
 i - a potion of haste {unknown}


   Skills:
 - Level 2.6 Fighting
 + Level 2.8 Long Blades
 - Level 2.4 Armour
 - Level 2.6 Shields


You had one spell level left.
You didn't know any spells.
Your spell library was empty.

Dungeon Overview and Level Annotations

Branches:
Dungeon (1/15)

Altars:

Shops:
D:1 ?

Annotations:
D:2 Sigmund


Innate Abilities, Weirdness & Mutations

You have extremely sharp teeth.
When hurt, damage is shared between your health and your magic reserves.
Your bite disrupts and absorbs the magic of your enemies.
Potions cannot restore your health.


Message History

The bat barely misses you.
You hit the bat but do no damage. Your bite misses the bat.
You block the bat's attack.
You slash the bat!
You kill the bat!
No target in view!
No target in view!
l - a +6 ring of strength You feel stronger.
l - a +6 ring of strength (left hand)
A kobold comes into view. It is wielding a +0 short sword.
The kobold shouts!
The kobold throws a stone.
The stone hits you but does no damage.
Sigmund the Dreaded comes into view.
He is wielding a +0 scythe and carrying a wand of quicksilver (9).
A goblin comes into view. It is wielding a +0 dagger.
A worm comes into view.
You slash the kobold!
You kill the kobold!
The goblin unwields a +0 dagger.
The goblin wields a +0 sling.
The goblin shoots a sling bullet.
You block the sling bullet.
Things that are here:
a +0 short sword; 2 stones; a kobold corpse Sigmund hits you but does no damage.
You closely miss Sigmund. Sigmund hits you with a +0 scythe.
You hit Sigmund. Your bite misses Sigmund.
Sigmund is lightly wounded.
The goblin unwields a +0 sling.
The goblin wields a +0 dagger.
The goblin hits you with a +0 dagger.
Sigmund gestures wildly while chanting.
Sigmund flickers and vanishes!
Deactivating autopickup; reactivate with Ctrl-A.
You hit the worm but do no damage. You bite the worm. You drain its power.
You feel invigorated.
The worm is moderately wounded.
The goblin hits you but does no damage. The worm barely misses you.
You hear a zap.
A bolt of dispelling energy appears from out of thin air!
The bolt of dispelling energy hits you!
Ouch! That really hurt!
You die...

#..#### ♣#
##....##..♣♣♣.
####..#......
##.#......
#.#......
#....# #....#
#)..## #@w.#
#{g.# .....#
........
....♣......
............
.###.....###.
.# .#...#+


You could see a worm and a goblin.

Vanquished Creatures
  A dart slug (D:1)
  3 endoplasms
  A giant cockroach (D:1)
  A goblin (D:1)
  A hobgoblin (D:1)
  A kobold (D:2)
  A ball python (D:1)
  2 bats
  2 frilled lizards (D:1)
13 creatures vanquished.

Notes
Turn   | Place    | Note
-------+----------+-------------------------------------------
     0 | D:1      | Plasmagod the Vine Stalker Fighter began the quest for the
                  | Orb.
     0 | D:1      | Reached XP level 1. HP: 11/11 MP: 2/2
   268 | D:1      | Reached XP level 2. HP: 14/16 MP: 3/3
   584 | D:1      | Found Kaw Asut's Magic Scroll Shoppe.
   643 | D:1      | You fall into a shaft and drop 1 floor!
   708 | D:2      | Noticed Sigmund
   715 | D:2      | Killed from afar by Sigmund

Illustrated notes

Levels and vault maps discovered:
D:1:      shiori_arrival_elements, layout_basic, serial_shops,
          nicolae_shop_behind_doors
D:2:      minmay_diamond_boxcup, layout_basic, grunt_ministairs_6,
          dreamdust_princess_corridor, minmay_stone_trees_small, uniq_sigmund,
          uniq_robin, uniq_jessica

Skill      XL: |  1 |
---------------+----+-----
Long Blades    | 2 |  2.8
Fighting       | |  2.6
Armour         | |  2.4
Shields        | |  2.6

Action                   || total
-------------------------++-------
Melee: Long sword        ||    38
       Bite              ||     9
Armor: Scale mail        ||    15
Dodge: Dodged            ||    17
Block: Buckler           ||    10

Table legend: (Time is in decaauts)
 A = Elapsed time spent in this place.
 B = Non-inter-level travel time spent in this place.
 C = Inter-level travel time spent in this place.
 D = Time resting spent in this place.
 E = Time spent auto-exploring this place.
 F = Levels seen in this place.
 G = Mean time per level.
                   A        B        C        D        E       F      G
               +--------+--------+--------+--------+--------+-----+--------+
         Total |    726 |    726 |      0 |      0 |    622 |   2 |  363.0 |
       Dungeon |    726 |    726 |      0 |      0 |    622 |   2 |  363.0 |
               +--------+--------+--------+--------+--------+-----+--------+

Top non-repeatable levels by time:
     D:1: 652 daAuts
     D:2: 73 daAuts
